 Dungeon Crawl Stone Soup version 0.28-a0-535-g6f645e4c1d (webtiles) character file.

Game seed: 6868749733511125696

21 ytrimaz the Covered (level 2, -12/27 HPs)
             Began as a Minotaur Fighter on Sept 6, 2021.
             Mangled by Crazy Yiuf (20 damage)
             ... on level 2 of the Dungeon on Sept 27, 2021.
             The game lasted 00:01:33 (1076 turns).

ytrimaz the Covered (Minotaur Fighter)              Turns: 1076, Time: 00:01:36

Health: -12/27     AC: 10    Str: 20    XL:     2   Next: 65%
Magic:  1/1        EV:  9    Int:  5    God:
Gold:   66         SH:  4    Dex:  9    Spells: 1/1 levels left

rFire   . . .      SeeInvis .   a - +0 war axe
rCold   . . .      Faith    .   c - +0 buckler
rNeg    . . .      Spirit   .   b - +0 scale mail
rPois   .          Reflect  .   (helmet restricted)
rElec   .          Harm     .   (no cloak)
rCorr   .          Rampage  .   g - +2 pair of gloves
Will    .....                   (no boots)
Stlth   ..........              (no amulet)
HPRegen 0.09/turn               (no ring)
MPRegen 0.07/turn               (no ring)

@: lethally poisoned (-12 -> -18)
A: horns 2, retaliatory headbutt
a: no special abilities


You were on level 2 of the Dungeon.
You visited 1 branch of the dungeon, and saw 2 of its levels.

You collected 66 gold pieces.

Inventory:

Hand Weapons
 a - a +0 war axe (weapon)
Armour
 b - a +0 scale mail (worn)
 c - a +0 buckler (worn)
 g - a +2 pair of gloves (worn)
Scrolls
 e - a scroll of amnesia
 f - 2 scrolls of identify {unknown}
Potions
 d - a potion of might
 h - 2 potions of cancellation {unknown}
 i - a potion of curing {unknown}


   Skills:
 + Level 3.8 Fighting
 * Level 2.9 Axes
 * Level 4.2 Armour
 + Level 3.9 Shields


You had one spell level left.
You didn't know any spells.
Your spell library contained the following spells:

 Spells                   Type           Power      Damage    Failure   Level
 Tukima's Dance           Hex            0%         N/A       99%         3
 Passage of Golubria      Tloc           N/A        N/A       100%        4
 Yara's Violent Unravell  Hex/Tmut       0%         3d3       100%        5


Dungeon Overview and Level Annotations

Branches:
Dungeon (2/15)

Altars:
Kikubaaqudgha

Annotations:
D:2 Crazy Yiuf


Innate Abilities, Weirdness & Mutations

You have a pair of horns on your head.
You reflexively headbutt those who attack you in melee.


Message History

The ball python grabs you. The ball python constricts you.
You see here a frilled lizard corpse.
You escape the ball python's grasp.
You hit the ball python.
You kill the ball python!
You see here a ball python corpse.
You open the door.
Crazy Yiuf cries, "Tonal bag mobile!"
You hit Crazy Yiuf but do no damage.
Crazy Yiuf hits you with a +4 quarterstaff of chaos.
Crazy Yiuf burns you.
Crazy Yiuf whimpers, "Lay song ladder!"
Crazy Yiuf hits you with a +4 quarterstaff of chaos.
You closely miss Crazy Yiuf. You block Crazy Yiuf's attack.
You barely miss Crazy Yiuf. You headbutt Crazy Yiuf!
Crazy Yiuf is moderately wounded.
Crazy Yiuf whimpers, "Buddy return to song arga!"
Crazy Yiuf hits you with a +4 quarterstaff of chaos.
You resist with some effort.
You closely miss Crazy Yiuf.
Crazy Yiuf is moderately wounded.
Crazy Yiuf closely misses you.
Crazy Yiuf cries, "Castle!"
You block Crazy Yiuf's attack.
You completely miss Crazy Yiuf.
Crazy Yiuf is moderately wounded.
Crazy Yiuf hits you with a +4 quarterstaff of chaos.
Crazy Yiuf burns you.
You hit Crazy Yiuf but do no damage.
Crazy Yiuf is moderately wounded.
Crazy Yiuf hits you but does no damage.
You are poisoned.
You barely miss Crazy Yiuf.
Crazy Yiuf is moderately wounded.
You feel very sick.
Crazy Yiuf hits you with a +4 quarterstaff of chaos.
* * * LOW HITPOINT WARNING * * *
You are electrocuted!!
Ouch! That really hurt!
You die...

#..##......# #.#.##..
##.#.#### #.....###
#..#.....
♣♣♣♣♣##........ ###
♣♣♣.♣..#......#..
#...#♣..♣......###....
#...g@♣♣♣♣..........#.
#)..#♣♣ ♣♣.#..####...
### ♣♣#### ##.. #.#
###.# ## #######
##...# #.###..#...#
##..### #.<.†....#
#..## ####....##
#####.##


You could see Crazy Yiuf.

Vanquished Creatures
  An adder (D:2)
  3 ball pythons
  2 goblins (D:1)
  2 hobgoblins
  3 frilled lizards
  A kobold (D:1)
  A rat (D:2)
13 creatures vanquished.

Notes
Turn   | Place    | Note
-------+----------+-------------------------------------------
     0 | D:1      | ytrimaz the Minotaur Fighter began the quest for the Orb.
     0 | D:1      | Reached XP level 1. HP: 19/19 MP: 0/0
   329 | D:1      | Found a faded altar of an unknown god.
   835 | D:1      | Upgraded the game from 0.28-a0-410-gbef64dd269 to
                  | 0.28-a0-535-g6f645e4c1d
   912 | D:2      | Reached skill level 4 in Armour
   912 | D:2      | Reached XP level 2. HP: 27/27 MP: 1/1
   999 | D:2      | Found an ancient bone altar of Kikubaaqudgha.
  1023 | D:2      | Found a runed translucent door.
  1024 | D:2      | Noticed Crazy Yiuf
  1076 | D:2      | Mangled by Crazy Yiuf

Illustrated notes

Levels and vault maps discovered:
D:1:      roderic_octagonal_star, layout_basic,
          shapermc_ecumenical_altar_mp_ritualfount
D:2:      layout_rooms, basic_altar, uniq_crazy_yiuf_cottage

Skill      XL: |  1 |
---------------+----+-----
Armour         | 4 |  4.2
Fighting       | |  3.8
Axes           | |  2.9
Shields        | |  3.9

Action                   || total
-------------------------++-------
Melee: War axe           ||    32
       Headbutt          ||     5
  Use: Scroll            ||     3
Armor: Scale mail        ||     7
Dodge: Dodged            ||    10
Block: Buckler           ||     9

Table legend: (Time is in decaauts)
 A = Elapsed time spent in this place.
 B = Non-inter-level travel time spent in this place.
 C = Inter-level travel time spent in this place.
 D = Time resting spent in this place.
 E = Time spent auto-exploring this place.
 F = Levels seen in this place.
 G = Mean time per level.
                   A        B        C        D        E       F      G
               +--------+--------+--------+--------+--------+-----+--------+
         Total |   1087 |   1014 |     73 |      0 |    868 |   2 |  543.5 |
       Dungeon |   1087 |   1014 |     73 |      0 |    868 |   2 |  543.5 |
               +--------+--------+--------+--------+--------+-----+--------+

Top non-repeatable levels by time:
     D:1: 915 daAuts
     D:2: 171 daAuts
